[Event "*** Titled Tuesday Blitz"]
[Site "Chess.com"]
[Date "2019.04.02"]
[Round "1"]
[White "fmshawnrl123"]
[Black "Denis_Palkovich"]
[Result "1/2-1/2"]
[WhiteElo "2559"]
[BlackElo "2233"]
[TimeControl "180+2"]
[EndTime "14:13:14 PDT"]
[Termination "Game drawn - insufficient material"]

1. e4 c6 2. Na3 d5 3. Bd3 dxe4 4. Bxe4 Nf6 5. Bf3 Bf5 6. Ne2 e6 7. Nc4 Nbd7 8. O-O Be7 9. d4 O-O 10. c3 h6 11. Ng3 Bh7 12. Re1 Nb6 13. Ne5 Nbd5 14.
Bd2 Nd7 15. Qc1 Nxe5 16. dxe5 Bg5 17. Be4 Bxd2 18. Qxd2 Qg5 19. Bxh7+ Kxh7 20. Qc2+ Qg6 21. Qb3 b6 22. Re4 Ne7 23. h3 c5 24. Qd1 Rad8 25. Qe2 Rd7 26. Re1 Rfd8 27. Rg4 Qd3 28. Nh5 Nf5 29.
Ra4 Qxe2 30. Rxe2 Rd1+ 31. Kh2 R8d7 32. g4 Ne7 33. Kg2 Nc6 34. f4 R1d2 35. Kf2 R7d3 36.
Ng3 Rxe2+ 37. Nxe2 Rxh3 38. b4 cxb4 39. cxb4 h5 40.
b5 Ne7 41. Rxa7 Nd5 42. gxh5 Rxh5 43. Rxf7 Kg6 44. Ra7 Rh3 45. a4 Ra3 46. Ra6 Kf5 47. Ra8 Ke4 48. Rg8 Ra2 49. Ke1 Ke3 50. Rc8 Rxa4 51. Nc3 Ra1+ 52. Nd1+ Kxf4 53. Kd2 Kxe5 54. Rg8 Rb1 55. Rxg7 Rxb5 56. Nf2 Rb2+ 57. Ke1 Nf4 58. Rg5+ Kd4 59. Rg4 e5 60. Rg8 e4 61. Rd8+ Kc5 62.
Nxe4+ Kc4 63. Nd2+ Kc5 64. Rc8+ Kd5 65. Nc4 Rb1+ 66.
Kd2 b5 67. Ne3+ Ke4 68. Re8+ Kd4 69. Nc2+ Kc5 70. Rc8+ Kb6 71. Rf8 Nd5 72. Rf5 Kc6 73. Nd4+ Kc5 74. Ne2 Rb2+ 75. Ke1 Kc4 76. Rg5 b4 77.
Rg4+ Kc5 78. Nc1 Rb1 79. Kd2 Rb2+ 80. Kd3 Rh2 81. Nb3+ Kb5 82. Nd4+ Ka4 83. Rg8 Rh3+ 84. Kc4 Ne3+ 85. Kc5 Rh5+ 86. Kc6 b3 87. Ra8+ Kb4 88. Rb8+ Kc4 89. Nxb3 Rh6+ 90. Kd7 Nd5 91. Nd2+ Kc5 92. Ne4+ Kd4 93. Ng5 Rg6 94. Ne6+ Ke5 95. Nd8 Rg7+ 96. Ke8 Nf6+ 97. Kf8 Nd7+ 98. Kxg7 Nxb8 99. Nc6+ Nxc6 1/2-1/2

[Event "*** Titled Tuesday Blitz"]
[Site "Chess.com"]
[Date "2019.04.02"]
[Round "1"]
[White "vpsetter"]
[Black "Koksal06"]
[Result "1-0"]
[WhiteElo "2664"]
[BlackElo "2282"]
[TimeControl "180+2"]
[EndTime "14:13:53 PDT"]
[Termination "vpsetter won by checkmate"]

1. e4 e5 2. Nf3 Nc6 3. Bb5 a6 4. Ba4 Nf6 5. O-O Be7 6. Re1 b5 7. Bb3 d6 8. c3 O-O 9. h3 Na5 10.
Bc2 c5 11. d4 Nd7 12. Nbd2 exd4 13. cxd4 Re8 14. Nf1 g6 15. Rb1 Nc6 16. Ne3 Bf6 17. dxc5 dxc5 18. Nd5 Bg7 19. Bg5 Qa5 20. a3 h6 21. Bf4 Nde5 22. Nxe5 Nxe5 23. Bxh6 Bxh6 24. Nf6+ Kf8 25. Qd6+ Re7 26. Nd5 Ra7 27. Qxc5 Qd8 28. Rbd1 Qe8 29. Nxe7 Rxe7 30. Bb3 Kg7 31. Rd6 Bb7 32.
Qd4 Kh7 33. Rd8 Qc6 34. Bd5 Qc7 35. Bxb7 Qxb7 36. Qd5 Qc7 37. Rd1 Bg7 38. Rd6 Nc4 39. Rxa6 Nxb2 40. Re1 Qc4 41. Re3 Be5 42. g3 b4 43. Rc6 Qxd5 44. exd5 Nd1 45. Rd3 Nb2 46. Rb3 bxa3 47. Rxa3 Rd7 48. Ra5 Nd3 49. Rc4 Rb7 50. Ra2 Rd7 51. Ra5 Rb7 52. Ra2 Rd7 53. Ra5 Rb7 54.
Rc2 Nb4 55. Re2 Bf6 56. Kg2 Rd7 57. Rb5 Nxd5 58. h4 Ne7 59. Rc2 Kg7 60. Rb6 Nf5 61. Rc4 Rd2 62. Rf4 Bd4 63. Rb3 Ne3+ 64. Kf3 Nf5 65. Kg2 Be3 66. Rf3 Ba7 67. Rb7 Bd4 68.
h5 Bf6 69. hxg6 Kxg6 70. Rb6 Rd6 71. Rxd6 Nxd6 72. Rd3 Ne4 73. f3 Ng5 74. Rd5 Ne6 75. f4 Kg7 76. Kf3 Be7 77. Kg4 Kf6 78. Rf5+ Kg6 79. Rb5 Kg7 80. Ra5 Bf6 81. Rh5 Be7 82. Rd5 Bf6 83. Kf3 Nd4+ 84. Ke4 Ne6 85. g4 Be7 86.
Kf3 Kf6 87. g5+ Kg7 88. Kg4 f6 89. Rd7 Kf7 90. g6+ Ke8 91. Rb7 Nd8 92. g7 Nxb7 93. g8=Q+ Kd7 94. Qd5+ Nd6 95. f5 Kd8 96. Qe6 Ne8 97.
Qd5+ Nd6 98. Kh5 Ke8 99. Kg6 Kd7 100. Qe6+ Kd8 101. Qg8+ Kd7 102. Qd5 Kd8 103. Qe6 Ne8 104. Qb6+ Kd7 105. Qb5+ Kd8 106. Qa5+ Kd7 107. Qa4+ Kd8 108. Kf7 Nd6+ 109. Ke6 Nc8 110. Qd7# 1-0

[Event "*** Titled Tuesday Blitz"]
[Site "Chess.com"]
[Date "2019.04.02"]
[Round "2"]
[White "moro182"]
[Black "Ar4uha"]
[Result "1-0"]
[WhiteElo "2762"]
[BlackElo "2510"]
[TimeControl "180+2"]
[EndTime "14:16:17 PDT"]
[Termination "moro182 won by resignation"]

1. d4 Nf6 2. c4 e6 3. Nc3 Bb4 4.
e3 O-O 5. Nf3 b6 6. Bd3 Bb7 7.
O-O d5 8. cxd5 exd5 9. Ne5 Nbd7 10. f4 Re8 11. Ne2 Nf8 12. Ng3 Bd6 13. Qc2 c5 14.
Bd2 Rc8 15. Qd1 Ne4 16. Nxe4 dxe4 17. Bc4 Bxe5 18. fxe5 Bd5 19. Bb5 Bc6 20. Bxc6 Rxc6 21.
Qa4 Rc7 22. Bc3 Ne6 23. Rad1 Qd5 24. Qxe8+ 1-0

[Event "*** Titled Tuesday Blitz"]
[Site "Chess.com"]
[Date "2019.04.02"]
[Round "2"]
[White "Last7Samurai"]
[Black "sofaceindisguise"]
[Result "1-0"]
[WhiteElo "2734"]
[BlackElo "2547"]
[TimeControl "180+2"]
[EndTime "14:16:35 PDT"]
[Termination "Last7Samurai won by resignation"]

1. e4 e5 2. Nf3 Nc6 3. Bb5 a6 4. Ba4 Nge7 5. O-O g6 6. c3 Bg7 7. d4 exd4 8. cxd4 b5 9. Bb3 d6 10. d5 Na5 11. Bd2 Nxb3 12. Qxb3 O-O 13. Bc3 f6 14. Nbd2 Bd7 15. Rac1 a5 16. Bd4 c5 1-0

[Event "*** Titled Tuesday Blitz"]
[Site "Chess.com"]
[Date "2019.04.02"]
[Round "2"]
[White "MatthewG-p4p"]
[Black "x-6099009240"]
[Result "1-0"]
[WhiteElo "2658"]
[BlackElo "2353"]
[TimeControl "180+2"]
[EndTime "14:16:47 PDT"]
[Termination "MatthewG-p4p won by checkmate"]

1. Nf3 c5 2. b3 d5 3. Bb2 f6 4.
e3 e5 5. Nxe5 fxe5 6. Qh5+ Kd7 7.
Qxe5 Nf6 8. Bb5+ Nc6 9. c4 Bd6 10. Qg5 dxc4 11. Qxg7+ Ke6 12. Bxc4+ Kf5 13. g4+ Nxg4 14.
f3 Qh4+ 15. Kd1 Nf2+ 16. Kc1 Nxh1 17. Qf7+ Kg5 18. Qf6+ Kh5 19. Bf7# 1-0

[Event "*** Titled Tuesday Blitz"]
[Site "Chess.com"]
[Date "2019.04.02"]
[Round "2"]
[White "Eliwood44"]
[Black "TheMagician"]
[Result "1-0"]
[WhiteElo "2216"]
[BlackElo "2266"]
[TimeControl "180+2"]
[EndTime "14:16:47 PDT"]
[Termination "Eliwood44 won by checkmate"]

1. d4 Nf6 2. Nf3 d5 3. c4 c6 4. Qc2 g6 5. Nc3 Bg7 6. Bf4 O-O 7. e3 Nbd7 8. cxd5 Nxd5 9. Nxd5 cxd5 10. Be2 Nf6 11.
O-O Bf5 12. Qb3 Nh5 13. Be5 Bxe5 14. Nxe5 Nf6 15. Qxb7 Rb8 16. Qxa7 Rxb2 17. Bf3 Qa8 18. Qxe7 Ne4 19. Bxe4 Bxe4 20. Nd7 Rd8 21. Nf6+ Kg7 22.
Qe5 Kh6 23. Ng4# 1-0

[Event "*** Titled Tuesday Blitz"]
[Site "Chess.com"]
[Date "2019.04.02"]
[Round "2"]
[White "Al_Shima"]
[Black "Oleg_Papayan"]
[Result "0-1"]
[WhiteElo "2418"]
[BlackElo "2507"]
[TimeControl "180+2"]
[EndTime "14:16:57 PDT"]
[Termination "Oleg_Papayan won by resignation"]

1. b3 e5 2. Bb2 Nc6 3. e3 Nf6 4. Bb5 d6 5. Nf3 Bd7 6. d4 e4 7. Nfd2 d5 8. Bxc6 Bxc6 9. Ba3 Bxa3 10. Nxa3 Qd6 11. Qc1 a5 12. c4 Qb4 13. Qb2 a4 14.
Nc2 Qe7 15. b4 dxc4 16. Nxc4 Bb5 17. Qc3 Nd5 0-1

[Event "*** Titled Tuesday Blitz"]
[Site "Chess.com"]
[Date "2019.04.02"]
[Round "2"]
[White "ElGasanov"]
[Black "larajanzelj"]
[Result "1-0"]
[WhiteElo "2685"]
[BlackElo "2356"]
[TimeControl "180+2"]
[EndTime "14:17:02 PDT"]
[Termination "ElGasanov won by resignation"]

1. d4 d5 2. c4 dxc4 3. e3 b5 4. a4 b4 5. Qf3 c6 6. Bxc4 e6 7. Ne2 Nf6 8. e4 Bb7 9. e5 Nd5 10. O-O Be7 11. Qg3 g6 12. Nd2 c5 13. Ne4 cxd4 14.
Bg5 h6 15. Nd6+ Kf8 16. Nxb7 Qc7 17. Bxe7+ Nxe7 18. Nd6 Nbc6 19. Qf3 Nf5 20. Nxf5 gxf5 21. Bb5 1-0

[Event "*** Titled Tuesday Blitz"]
[Site "Chess.com"]
[Date "2019.04.02"]
[Round "2"]
[White "NikolaN98"]
[Black "Heineccius"]
[Result "1-0"]
[WhiteElo "2528"]
[BlackElo "2497"]
[TimeControl "180+2"]
[EndTime "14:17:09 PDT"]
[Termination "NikolaN98 won by resignation"]

1. e4 c5 2. Nc3 a6 3. f4 e6 4. g3 d5 5. Bg2 Nf6 6. d3 Nc6 7.
Nf3 Be7 8. O-O b5 9. Qe2 O-O 10. e5 Nd7 11. g4 Qc7 12. Bd2 Re8 13. Rae1 b4 14. Nd1 f6 15. exf6 Bxf6 16. Kh1 Nf8 17. Ne3 Nd4 18. Nxd4 cxd4 19. Nxd5 1-0

[Event "*** Titled Tuesday Blitz"]
[Site "Chess.com"]
[Date "2019.04.02"]
[Round "2"]
[White "platy3"]
[Black "nabukatnezarr"]
[Result "1-0"]
[WhiteElo "2782"]
[BlackElo "2567"]
[TimeControl "180+2"]
[EndTime "14:17:12 PDT"]
[Termination "platy3 won by resignation"]

1. c4 Nf6 2. Nc3 c5 3. Nf3 b6 4. d4 cxd4 5. Nxd4 Bb7 6. f3 d6 7.
e4 e6 8. Be2 Nbd7 9. Be3 a6 10.
O-O Be7 11. Qd2 O-O 12. b4 d5 13. exd5 exd5 14. Nxd5 Bxd5 15. cxd5 Nxd5 16. Nc6 Nxe3 17. Nxd8 Nxf1 18. Qxd7 1-0

[Event "*** Titled Tuesday Blitz"]
[Site "Chess.com"]
[Date "2019.04.02"]
[Round "2"]
[White "Alexander_Donchenko"]
[Black "MasterKroket"]
[Result "1-0"]
[WhiteElo "2837"]
[BlackElo "2381"]
[TimeControl "180+2"]
[EndTime "14:17:38 PDT"]
[Termination "Alexander_Donchenko won by resignation"]

1. e4 c5 2. Nf3 e6 3. d4 cxd4 4. Nxd4 Nc6 5. Nc3 Qc7 6. Be3 a6 7. Qd2 Nf6 8. f3 Bb4 9. a3 Ba5 10. O-O-O Ne5 11. Nb3 Bxc3 12. Qxc3 Qxc3 13. bxc3 d5 14.
Bd4 Nc4 15. exd5 exd5 16. Re1+ Be6 17. Nc5 O-O 18. Nxe6 fxe6 19. Bxc4 dxc4 20. Rxe6 Nd5 21. Rhe1 h6 22. R1e5 Nf4 23. Re7 Rf7 24. Rxf7 1-0

[Event "*** Titled Tuesday Blitz"]
[Site "Chess.com"]
[Date "2019.04.02"]
[Round "2"]
[White "kingofthenil"]
[Black "vpantev"]
[Result "1-0"]
[WhiteElo "2427"]
[BlackElo "2577"]
[TimeControl "180+2"]
[EndTime "14:17:49 PDT"]
[Termination "kingofthenil won by resignation"]

1. d4 Nf6 2. c4 e6 3. Nc3 Bb4 4. a3 Bxc3+ 5. bxc3 d6 6. f3 e5 7. e4 O-O 8. Bd3 c5 9. Ne2 Nc6 10. Be3 b6 11. O-O Nd7 12. Qc2 cxd4 13. cxd4 Ba6 14.
Qa4 Na5 15. Rac1 exd4 16. Nxd4 Nc5 17. Qd1 Rc8 18. Be2 Qf6 19. Nf5 Rfd8 20. Bd4 Qg5 21.
h4 Qh5 22. g4 Qh6 23. Nxh6+ 1-0

[Event "*** Titled Tuesday Blitz"]
[Site "Chess.com"]
[Date "2019.04.02"]
[Round "2"]
[White "Amirreza_p"]
[Black "PaulfromSPb"]
[Result "1-0"]
[WhiteElo "2773"]
[BlackElo "2639"]
[TimeControl "180+2"]
[EndTime "14:17:56 PDT"]
[Termination "Amirreza_p won by resignation"]

1. e4 c5 2. c3 d5 3. exd5 Qxd5 4.
d4 Nf6 5. Nf3 Bg4 6. Nbd2 cxd4 7. Bc4 Qc6 8. Qb3 Be6 9. Bxe6 Qxe6+ 10. Qxe6 fxe6 11. Nxd4 e5 12. Nb5 Na6 13. Nc4 Rc8 14.
b3 Nc5 15. Nxa7 Ra8 16. Nb5 Nxb3 17. Rb1 Rc8 18. axb3 1-0

[Event "*** Titled Tuesday Blitz"]
[Site "Chess.com"]
[Date "2019.04.02"]
[Round "2"]
[White "Arystanner"]
[Black "Bryakin_Mikhail"]
[Result "1/2-1/2"]
[WhiteElo "2556"]
[BlackElo "2737"]
[TimeControl "180+2"]
[EndTime "14:17:56 PDT"]
[Termination "Game drawn by repetition"]

1. e4 c5 2. Nf3 Nc6 3. Bb5 g6 4. c3 Nf6 5. e5 Nd5 6. O-O Bg7 7. d4 cxd4 8. cxd4 O-O 9. Nc3 Nxc3 10. bxc3 d6 11. exd6 Qxd6 12. Re1 a6 13. Bd3 b5 14. a4 b4 15. cxb4 Nxb4 16. Be4 Rb8 17. Bg5 Bb7 18. Bxb7 Rxb7 19. Rc1 Bf6 20. Bh6 Bg7 21. Bg5 Bf6 22.
Bh6 Bg7 23. Bg5 Bf6 24. Bh6 Bg7 1/2-1/2

[Event "*** Titled Tuesday Blitz"]
[Site "Chess.com"]
[Date "2019.04.02"]
[Round "2"]
[White "Perecke"]
[Black "NM2019"]
[Result "1-0"]
[WhiteElo "2072"]
[BlackElo "2154"]
[TimeControl "180+2"]
[EndTime "14:18:06 PDT"]
[Termination "Perecke won by resignation"]

1. e4 c5 2. Nf3 d6 3. d4 cxd4 4. Nxd4 Nf6 5. Nc3 a6 6. h3 e5 7. Nde2 Be6 8. g4 Be7 9. Bg2 Nbd7 10. O-O Qc7 11. Nd5 Bxd5 12. exd5 Rc8 13. Nc3 b5 14. a3 Nb6 15. f4 Qc5+ 16. Kh1 exf4 17.
Bxf4 h6 18. Re1 Rc7 19. Be3 Qc4 20. Bf1 Nbxd5 21. Bxc4 Nxe3 22. Bxf7+ Kxf7 23. Rxe3 Rhc8 24. Nd5 Nxd5 25. Qxd5+ Kf8 26. Rf1+ Bf6 27. Qxd6+ Kg8 28. Re8+ Kh7 29. Rxc8 Rxc8 30. Rxf6 1-0

[Event "*** Titled Tuesday Blitz"]
[Site "Chess.com"]
[Date "2019.04.02"]
[Round "2"]
[White "Mostii"]
[Black "almaguerjm"]
[Result "1-0"]
[WhiteElo "2470"]
[BlackElo "2292"]
[TimeControl "180+2"]
[EndTime "14:18:10 PDT"]
[Termination "Mostii won by resignation"]

1. d4 Nf6 2. Nf3 e6 3. g3 c5 4.
Bg2 cxd4 5. Nxd4 Nc6 6. O-O Be7 7. b3 O-O 8. Bb2 d5 9. Nd2 Nd7 10.
c4 Nxd4 11. Bxd4 e5 12. Bb2 d4 13. e3 Bf6 14. exd4 exd4 15. Ne4 d3 16. Nxf6+ Nxf6 17. Bxf6 Qxf6 18. Qxd3 Rd8 19. Qf3 Qb2 20. Rad1 Be6 21. Qxb7 Qxa2 22. Qxa8 Rxa8 23. Bxa8 g5 24. Bd5 Qxb3 25.
Bxe6 fxe6 26. Rc1 Qb6 27. c5 Qc6 28. Rfd1 Kf7 29. Rd6 Qc7 30. Ra6 h5 31. c6 h4 32.
Rxa7 Qxa7 33. c7 hxg3 34. hxg3 1-0

[Event "*** Titled Tuesday Blitz"]
[Site "Chess.com"]
[Date "2019.04.02"]
[Round "2"]
[White "HrvojeZagreb"]
[Black "FearNoEvil12"]
[Result "0-1"]
[WhiteElo "2024"]
[BlackElo "2010"]
[TimeControl "180+2"]
[EndTime "14:18:40 PDT"]
[Termination "FearNoEvil12 won by resignation"]

1. d4 b5 2. Bf4 a6 3. e3 Bb7 4. Nf3 Nf6 5. Be2 e6 6. h3 d6 7.
a4 b4 8. Nbd2 Nbd7 9. O-O h6 10.
Bh2 g5 11. Ne1 h5 12. Nc4 g4 13. Na5 Rb8 14. Nxb7 Rxb7 15. hxg4 hxg4 16. Bxg4 Nxg4 17. Qxg4 Nf6 18. Qf3 Rb8 19. Nd3 Be7 20. Nf4 Kd7 21. c4 Qg8 22. c5 Qh7 23. Nh3 Rbg8 24. cxd6 Bxd6 25. Bxd6 cxd6 26. Rfc1 Nd5 27. Kf1 Qd3+ 28. Kg1 f6 29. e4 Qxf3 30. exd5 0-1

[Event "*** Titled Tuesday Blitz"]
[Site "Chess.com"]
[Date "2019.04.02"]
[Round "2"]
[White "PulpanJ"]
[Black "regular_legs"]
[Result "1/2-1/2"]
[WhiteElo "2688"]
[BlackElo "2445"]
[TimeControl "180+2"]
[EndTime "14:18:53 PDT"]
[Termination "Game drawn by agreement"]

1. e4 c6 2. d4 d5 3. exd5 cxd5 4. Bd3 Nf6 5. c3 Qc7 6. Na3 a6 7. h3 g6 8. Ne2 Bf5 9. Bxf5 gxf5 10. Qb3 e6 11.
Bf4 Qd7 12. Be5 Be7 13. g4 fxg4 14. hxg4 Nc6 15. g5 Nxe5 16. dxe5 Ne4 17. f4 O-O-O 18.
Rh2 h6 19. gxh6 Rh7 20. O-O-O Rdh8 21. Rdh1 Bf8 22. Nc2 Rxh6 23. Rxh6 Rxh6 24. Rxh6 Bxh6 25. Ncd4 1/2-1/2

[Event "*** Titled Tuesday Blitz"]
[Site "Chess.com"]
[Date "2019.04.02"]
[Round "2"]
[White "Tiqr777"]
[Black "rasmussvane"]
[Result "0-1"]
[WhiteElo "2637"]
[BlackElo "2780"]
[TimeControl "180+2"]
[EndTime "14:18:54 PDT"]
[Termination "rasmussvane won by resignation"]

1. c4 c6 2. Nf3 d5 3. b3 Bg4 4. e3 Nd7 5. Bb2 e6 6. Be2 Ngf6 7. Nc3 Bd6 8. O-O O-O 9. d4 Qe7 10. h3 Bh5 11. Nd2 Bg6 12. cxd5 exd5 13. a3 a5 14. Nf3 Rfe8 15. Bd3 Bh5 16. Be2 Bc7 17. Rc1 Qd6 18. g3 Bg6 19. Nh4 Be4 20. Nxe4 Nxe4 21. Ng2 Ndf6 22. Bd3 Qd7 23. Bxe4 Rxe4 24. f3 Qxh3 25.
fxe4 Bxg3 0-1

[Event "*** Titled Tuesday Blitz"]
[Site "Chess.com"]
[Date "2019.04.02"]
[Round "2"]
[White "krzyzan94"]
[Black "VitaliyBernadskiy"]
[Result "0-1"]
[WhiteElo "2545"]
[BlackElo "2714"]
[TimeControl "180+2"]
[EndTime "14:18:57 PDT"]
[Termination "VitaliyBernadskiy won by resignation"]

1. d4 d5 2. Nf3 e6 3. e3 g6 4.
Bd3 Bg7 5. O-O Ne7 6. c4 O-O 7. Nc3 b6 8. cxd5 exd5 9. Qe2 c5 10. Bd2 Nbc6 11. Rac1 cxd4 12. exd4 Re8 13. Be3 Bg4 14. Bb5 a6 15. Bxc6 Nxc6 16. h3 Nxd4 17. Bxd4 Rxe2 18.
Nxe2 Bxf3 19. gxf3 Qg5+ 20. Kh1 Qd2 21. Bxg7 Qxe2 22. Bd4 Qxf3+ 23. Kg1 Qxh3 24. Rfd1 Re8 25. a4 b5 26. axb5 axb5 27. Rd2 h5 28. b4 h4 0-1

[Event "*** Titled Tuesday Blitz"]
[Site "Chess.com"]
[Date "2019.04.02"]
[Round "2"]
[White "WanderingPuppet"]
[Black "Raja3401"]
[Result "0-1"]
[WhiteElo "2396"]
[BlackElo "2731"]
[TimeControl "180+2"]
[EndTime "14:19:00 PDT"]
[Termination "Raja3401 won on time"]

1. e4 c5 2. Nf3 d6 3. d4 cxd4 4. Nxd4 Nf6 5. Nc3 a6 6. Be3 Ng4 7. Bg5 h6 8. Bc1 g5 9. h4 Bg7 10. Be2 Ne5 11. hxg5 hxg5 12. Rxh8+ Bxh8 13. Bxg5 Nbc6 14. Nxc6 bxc6 15. f4 Ng6 16. Qd3 Rb8 17. O-O-O Qa5 18. e5 Qb4 19. b3 Nxf4 20. Bxf4 Qxf4+ 21. Rd2 Qxe5 0-1

[Event "*** Titled Tuesday Blitz"]
[Site "Chess.com"]
[Date "2019.04.02"]
[Round "2"]
[White "guillembaches"]
[Black "Benek77"]
[Result "0-1"]
[WhiteElo "2330"]
[BlackElo "2592"]
[TimeControl "180+2"]
[EndTime "14:19:02 PDT"]
[Termination "Benek77 won by resignation"]

1. e4 c5 2. Nf3 e6 3. g3 a6 4. Bg2 b5 5. O-O Bb7 6. Re1 Nf6 7. e5 Nd5 8. b3 Be7 9. c4 bxc4 10.
bxc4 Nb6 11. Qe2 O-O 12. Nc3 Nc6 13. Rb1 Rb8 14. Ne4 Nd4 15. Nxd4 cxd4 16. d3 Na4 17. Rxb7 Rxb7 18. Qg4 Rb1 19. Bf1 f5 20. exf6 Bxf6 21. Nxf6+ Qxf6 22. f4 Nc3 23. Bd2 Rxe1 24. Bxe1 Rb8 0-1

[Event "*** Titled Tuesday Blitz"]
[Site "Chess.com"]
[Date "2019.04.02"]
[Round "2"]
[White "GameOverBro"]
[Black "pastouche06"]
[Result "1-0"]
[WhiteElo "2503"]
[BlackElo "2416"]
[TimeControl "180+2"]
[EndTime "14:19:13 PDT"]
[Termination "GameOverBro won by resignation"]

1. e4 c6 2. Nc3 d5 3. Nf3 Bg4 4. h3 Bxf3 5. Qxf3 Nf6 6. d3 e6 7. a3 Nbd7 8. g4 h6 9. h4 Ne5 10. Qg3 Nexg4 11. e5 d4 12. exf6 dxc3 13. Qxg4 Qxf6 14.
b3 O-O-O 15. Be3 c5 16. Bg2 Bd6 17. Qe4 Rd7 18. b4 Qe7 19. Qc4 Kb8 20. bxc5 1-0

[Event "*** Titled Tuesday Blitz"]
[Site "Chess.com"]
[Date "2019.04.02"]
[Round "2"]
[White "Supernotar"]
[Black "Genghis_K"]
[Result "0-1"]
[WhiteElo "2575"]
[BlackElo "2858"]
[TimeControl "180+2"]
[EndTime "14:19:18 PDT"]
[Termination "Genghis_K won by resignation"]

1. d4 Nf6 2. c4 g6 3. Nc3 Bg7 4. e4 d6 5. Be2 O-O 6. Nf3 e5 7. O-O c6 8. Bg5 h6 9. Bh4 g5 10. Bg3 Nh5 11. d5 c5 12. Nd2 Nf4 13. Bg4 Nd7 14. b3 a6 15. Re1 Rb8 16. a4 Nf6 17. Bxc8 Qxc8 18. Nf1 h5 19. f3 h4 20. Bf2 h3 21. g3 Ng2 22. Re2 g4 23. Qd3 gxf3 24. Qxf3 Qg4 25. Qxg4 Nxg4 26. Ne3 N2xe3 27. Bxe3 f5 28. exf5 e4 29. Rc1 Nxe3 30. Rxe3 Bd4 31. Re1 Rxf5 0-1

[Event "*** Titled Tuesday Blitz"]
[Site "Chess.com"]
[Date "2019.04.02"]
[Round "2"]
[White "eldur16"]
[Black "Schachmalanders"]
[Result "1-0"]
[WhiteElo "2475"]
[BlackElo "2291"]
[TimeControl "180+2"]
[EndTime "14:19:22 PDT"]
[Termination "eldur16 won by resignation"]

1. e4 c5 2. Ne2 d6 3. g3 Nf6 4.
Bg2 g6 5. c3 Bg7 6. d4 cxd4 7.
cxd4 O-O 8. Nbc3 Nc6 9. h3 Bd7 10. Be3 Rc8 11. O-O Na5 12. b3 Nc6 13. Qd2 Qa5 14.
Rac1 Rfd8 15. d5 Nb8 16. Bd4 Be8 17. Rc2 Na6 18. f4 Nb4 19. Rcc1 e5 20. fxe5 dxe5 21.
Be3 Bb5 22. a3 Bxe2 23. axb4 Qa6 1-0

[Event "*** Titled Tuesday Blitz"]
[Site "Chess.com"]
[Date "2019.04.02"]
[Round "2"]
[White "suyu28"]
[Black "pheonixking2000"]
[Result "0-1"]
[WhiteElo "2561"]
[BlackElo "2768"]
[TimeControl "180+2"]
[EndTime "14:19:23 PDT"]
[Termination "pheonixking2000 won by resignation"]

1. c4 c6 2. d4 d5 3. Nf3 Nf6 4. e3 e6 5. b3 c5 6. Bb2 Nc6 7. cxd5 exd5 8. Nbd2 Bg4 9. Be2 Bd6 10. dxc5 Bxc5 11.
Rc1 Bb6 12. O-O O-O 13. a3 Re8 14. b4 d4 15. Nxd4 Bxd4 16. Bxd4 Bxe2 17. Bxf6 Qd3 18. Qe1 gxf6 19. Nb1 0-1

[Event "*** Titled Tuesday Blitz"]
[Site "Chess.com"]
[Date "2019.04.02"]
[Round "2"]
[White "champ2005"]
[Black "lucasran"]
[Result "1-0"]
[WhiteElo "2808"]
[BlackElo "2392"]
[TimeControl "180+2"]
[EndTime "14:19:24 PDT"]
[Termination "champ2005 won by resignation"]

1. d4 Nf6 2. Nc3 d5 3. Bf4 a6 4. e3 e6 5. Nf3 Be7 6. Bd3 Nbd7 7. Ne5 c5 8. Qf3 Nxe5 9. Bxe5 b5 10. dxc5 Bxc5 11. O-O-O Bb7 12. Qg3 O-O 13. Qh3 h6 14. g4 Nh7 15. f4 f6 16. Bd4 Bxd4 17. exd4 Qd6 18. Ne2 Rac8 19. Rhg1 b4 20. Qh5 Rfd8 21. g5 fxg5 22. fxg5 Nxg5 23. Rxg5 hxg5 24. Bh7+ Kf8 25. Rf1+ 1-0

[Event "*** Titled Tuesday Blitz"]
[Site "Chess.com"]
[Date "2019.04.02"]
[Round "2"]
[White "RitvarsReimanis"]
[Black "robbykevlishvili"]
[Result "0-1"]
[WhiteElo "2571"]
[BlackElo "2827"]
[TimeControl "180+2"]
[EndTime "14:19:27 PDT"]
[Termination "robbykevlishvili won by resignation"]

1. d4 d5 2. c4 c6 3. Nf3 Nf6 4.
e3 Bf5 5. Nc3 e6 6. Nh4 Be4 7. f3 Bg6 8. Nxg6 hxg6 9. cxd5 cxd5 10. g3 Bd6 11. Bg2 Rxh2 12. Rxh2 Bxg3+ 13. Kd2 Bxh2 14. f4 Bg3 15. Qh1 Nh5 16. Bf3 Qh4 17. Qf1 Nc6 18. b4 Qh2+ 19. Kd1 Rc8 20. Bd2 Bh4 21.
b5 Na5 22. Rc1 Nc4 23. Rc2 Qxd2+ 0-1

[Event "*** Titled Tuesday Blitz"]
[Site "Chess.com"]
[Date "2019.04.02"]
[Round "2"]
[White "gonzaga23"]
[Black "DenisQ"]
[Result "0-1"]
[WhiteElo "2349"]
[BlackElo "2642"]
[TimeControl "180+2"]
[EndTime "14:19:38 PDT"]
[Termination "DenisQ won by resignation"]

1. e4 c6 2. Nf3 d5 3. Nc3 Bg4 4.
h3 Bh5 5. exd5 cxd5 6. d4 Nc6 7.
Be2 e6 8. O-O Bd6 9. Bg5 Nge7 10. Bh4 Qb6 11. Nb5 Bb8 12. Bxe7 Kxe7 13. b3 Bxf3 14. Bxf3 Qxb5 15. c4 dxc4 16. bxc4 Qxc4 17.
Rc1 Qxd4 18. Qb3 Qb6 19. Qa3+ Bd6 20. Qd3 Rad8 21. Qe4 Qd4 22. Rb1 Qxe4 23. Rxb7+ Rd7 24. Rxd7+ Kxd7 25. Bxe4 f5 0-1

[Event "*** Titled Tuesday Blitz"]
[Site "Chess.com"]
[Date "2019.04.02"]
[Round "2"]
[White "evgenyermolaev"]
[Black "francogreek"]
[Result "1-0"]
[WhiteElo "2515"]
[BlackElo "2418"]
[TimeControl "180+2"]
[EndTime "14:19:46 PDT"]
[Termination "evgenyermolaev won by resignation"]

1. e4 c5 2. Nf3 d6 3. d4 cxd4 4. Nxd4 Nf6 5. Nc3 a6 6. Be3 g6 7. f3 b5 8. Qd2 Bb7 9. g4 h6 10.
O-O-O Nbd7 11. Bd3 b4 12. Nce2 e5 13. Nb3 a5 14. Kb1 a4 15. Nbc1 Qa5 16. h4 Nc5 17. g5 Nh5 18. Bc4 b3 19. cxb3 axb3 20. Qxa5 Rxa5 21. Nxb3 Nxb3 22. Bxb3 Be7 23. gxh6 O-O 24.
Nc3 Rb8 25. Rhg1 Kf8 26. Bd5 Ba6 27. Ba7 Rb4 28. h7 Kg7 29. Bxf7 Nf4 30. Be3 Kxh7 31.
Bxf4 exf4 32. Bxg6+ Kh8 33. Nd5 Bf8 34. Nxb4 1-0

[Event "*** Titled Tuesday Blitz"]
[Site "Chess.com"]
[Date "2019.04.02"]
[Round "2"]
[White "Didici"]
[Black "Micki-taryan"]
[Result "0-1"]
[WhiteElo "2610"]
[BlackElo "2956"]
[TimeControl "180+2"]
[EndTime "14:19:48 PDT"]
[Termination "Micki-taryan won by resignation"]

1. d4 Nf6 2. c4 e6 3. g3 c5 4. Nf3 cxd4 5. Nxd4 Qc7 6. Nd2 Nc6 7.
N4f3 Bc5 8. Bg2 O-O 9. O-O b6 10. e4 Bb7 11. a3 a5 12. b3 d5 13. exd5 exd5 14. cxd5 Nxd5 15. Ne4 Rad8 16. Qc2 Nd4 17. Nxd4 Bxd4 18. Qxc7 Nxc7 19. Rb1 Ba6 20. Rd1 f5 21. Bg5 fxe4 22. Bxd8 Rxd8 23. Bxe4 Be2 24. Rd2 Bxf2+ 25. Kxf2 Rxd2 26. Ke3 Ra2 27. Rc1 Ne6 28. Bd5 Bg4 29.
Rc6 Kf7 30. a4 Re2+ 31. Kd3 Re5 32. Bc4 Be2+ 33. Kc3 Bxc4 0-1